 Dungeon Crawl Stone Soup version 0.30.0-17-ge0270778cf (webtiles) character file.

Game seed: 1249300650244473851

13181 KamiKatze the Fighter (level 12, -3/130 HPs)
             Began as an Ogre Delver on May 21, 2023.
             Was an Initiate of Gozag.
             Slain by a bog body (25 damage)
             ... on level 2 of the Lair of Beasts.
             The game lasted 00:42:23 (12071 turns).

KamiKatze the Fighter (Ogre Delver)                Turns: 12071, Time: 00:42:25

Health: -3/130     AC:  9    Str: 23    XL:     12   Next: 3%
Magic:  12/12      EV: 11    Int: 11    God:    Gozag
Gold:   1641       SH:  5    Dex: 10    Spells: 11/11 levels left

rFire   . . .        A - +4 eveningstar (pain)
rCold   . . .        s - orb {light}
rNeg    . . .        H - +0 swamp dragon scales
rPois   +            (helmet restricted)
rElec   .            k - +0 cloak
rCorr   .            (gloves unavailable)
SInv    .            (boots unavailable)
Will    +....        i - amulet of reflection
Stlth   +            u - ring of poison resistance
HPRegen 0.41/turn    (no ring)
MPRegen 0.13/turn

%: reflection
@: gold aura, slowed, glowing, very slow
A: large, unfitting armour, tough skin 1, sense surroundings 1
a: Renounce Religion, Potion Petition, Call Merchant, Bribe Branch


You were on level 2 of the Lair of Beasts.
You worshipped Gozag.
Gozag was most pleased with you.
You visited 3 branches of the dungeon, and saw 13 of its levels.

You collected 1742 gold pieces.
You paid 101 gold pieces to Gozag.

Inventory:

Hand Weapons
 a - a +0 mace of freezing
 A - a +4 eveningstar of pain (weapon)
Missiles
 p - 6 curare-tipped darts (quivered)
 v - 2 throwing nets
 F - 14 poisoned darts
Armour
 k - a +0 cloak (worn)
 s - an orb of light (worn)
 H - +0 swamp dragon scales (worn)
Jewellery
 b - an amulet of the acrobat
 i - an amulet of reflection (around neck)
 u - a ring of poison resistance (left hand)
 z - a ring of ice
 D - a +6 ring of intelligence
 E - a ring of wizardry
Wands
 g - a wand of digging (2)
 l - a wand of flame (63)
 o - a wand of iceblast (2)
 y - a wand of acid (10)
 G - a wand of mindburst (29)
Scrolls
 c - 4 scrolls of fog
 d - 2 scrolls of magic mapping
 e - a scroll of teleportation
 f - a scroll of enchant armour
 h - a scroll of fear
 C - 3 scrolls of amnesia
Potions
 j - 3 potions of curing
 m - 3 potions of lignification
 n - 3 potions of mutation
 q - a potion of resistance
 r - 2 potions of brilliance
 t - 2 potions of attraction
 w - 2 potions of flight
 x - a potion of berserk rage
 B - 2 potions of ambrosia


   Skills:
 + Level 11.0 Fighting
 * Level 10.4 Maces & Flails
 + Level 5.4 Throwing
 + Level 7.5 Dodging
 - Level 4.0 Stealth
 + Level 6.7 Necromancy
 - Level 4.0 Evocations


You had 11 spell levels left.
You didn't know any spells.
Your spell library contained the following spells:

 Spells                   Type           Power      Damage    Failure   Level
 Necrotise                Necr           56%        1d6       3%          1
 Vampiric Draining        Necr           14%        2d7       11%         3
 Agony                    Necr           14%        N/A       71%         5
 Dazzling Flash           Conj/Hex       0%         N/A       86%         3
 Ozocubu's Armour         Ice            0%         N/A       86%         3
 Stone Arrow              Conj/Erth      0%         3d7       86%         3
 Vhi's Electric Charge    Tloc/Air       0%         N/A       86%         3
 Animate Armour           Summ/Erth      0%         N/A       99%         4
 Arcjolt                  Conj/Air       0%         1d10      100%        5
 Fireball                 Conj/Fire      0%         3d3       100%        5
 Lee's Rapid Deconstruct  Erth           0%         3d4*      100%        5
 Silence                  Hex/Air        0%         N/A       100%        5
 Ozocubu's Refrigeration  Ice            0%         4d7       100%        7
 Lehudib's Crystal Spear  Conj/Erth      0%         10d2      100%        8
 Maxwell's Capacitive Co  Air            0%         ∞         100%        8


Dungeon Overview and Level Annotations

Branches:
Dungeon (10/15)            Temple (1/1) D:5            Lair (2/5) D:8
  Swamp (0/4) Lair:2
  Snake: Lair:2-3    Spider: Lair:2-3       Orc: D:9-12

Altars:
Ashenzari
Cheibriados
Dithmenos
Elyvilon
Fedhas
Gozag
Hepliaklqana
Kikubaaqudgha
Makhleb
Nemelex Xobeh
Okawaru
Qazlal
Ru
Sif Muna
Trog
Uskayaw
Vehumet
Wu Jian
Xom
Yredelemnul
Zin
The Shining One

Shops:
D:7 *

Annotations:
D:4 Dowan
D:9 exclusions: basilisk and 1 more exclusion
Lair:2 1 runed translucent door, exclusion: door, ripuliukko's ghost, journeyman DEEE


Innate Abilities, Weirdness & Mutations

You are too large for most types of armour.
You have tough skin. (AC +1)
You passively map a small area around you.


Message History

The bullfrog hits you but does no damage.
A lindwurm comes into view.
The bullfrog hits you but does no damage.
The lindwurm roars!
You bludgeon the bullfrog!!
You kill the bullfrog!
The bog body gestures at you while chanting.
You feel yourself slow down. The lindwurm breathes flames at you.
The blast of flame hits you!!
Found a staircase to the Swamp.
The bog body touches you but does no damage.
You thump the bog body!
The bog body is lightly damaged.
The lindwurm breathes flames at you. The blast of flame hits you!!
The bog body touches you! The bog body freezes you!!
* * * LOW HITPOINT WARNING * * *
You are too injured to fight recklessly!
You are too injured to fight recklessly!
The bog body casts a spell at you. The bolt of cold misses you.
A bog body comes into view.
The bog body touches you but does no damage.
The bog body moves out of view.
You are confused.
You feel invigorated. The bog body touches you.
* * * LOW HITPOINT WARNING * * *
The bog body freezes you!
* * * LOW HITPOINT WARNING * * *
The lindwurm bites you!
* * * LOW HITPOINT WARNING * * *
The lindwurm claws you but does no damage. x2
You feel less invigorated.
You feel less confused. The bog body touches you.
* * * LOW HITPOINT WARNING * * *
The bog body freezes you!!
You die...
Your body crumbles into a pile of gold.

.....#* , , , , , .....#
,... ... ......., .....#*
$... ~~~......... .....#,
#.~ §n♣........ , .....#P
##§§§>§~........,
..........§.§§♣§~........
...........§§♣§♣.........
...........§§§...........
, .....P.P. #.#.@n.......
....##### #...k....+#
....# #### ###...$###.#
....###P.####.#....## *
.....###...##.#....P# , *
, ....####...'.......## ,
....# #...>#.#.....#*
....# #P#######....#* ,
....#### ##....##


You could see a lindwurm and 2 bog bodies.

Vanquished Creatures
  A two-headed ogre (D:10)
  An ugly thing (D:9)
  An orc sorcerer (D:10)
  An elephant (D:7)
  Maggie (D:8)
  2 cane toads (Lair:1)
  Maurice (D:8)
  2 komodo dragons
  A rime drake (Lair:1)
  8 hornets
  Sigmund (D:4)
  3 wyverns
  14 yaks
  2 steam dragons
  2 basilisks (D:7)
  Edmund (D:5)
  An acid dragon (D:7)
  A floating eye (D:10)
  3 water moccasins
  2 orc warriors
  2 ice beasts
  5 black bears
  4 wolves
  An ogre (D:6)
  3 centaurs
  3 phantoms
  A kobold brigand (D:7)
  Blork the orc (D:4)
  6 bullfrogs
  A scorpion (D:5)
  10 wights
  9 killer bees
  A howler monkey (D:5)
  4 electric eels (D:9)
  4 hounds
  8 orc priests
  A sleepcap (D:4)
  Ijyb (D:4)
  5 iguanas
  5 orc wizards
  10 adders
  3 gnolls
  A white imp (D:6)
  An ufetubus (D:5)
  6 worms
  A dart slug (D:1)
  23 orcs
  6 endoplasms
  3 giant cockroaches
  2 goblins (D:3)
  9 hobgoblins
  7 jackals (D:3)
  5 quokkas
  11 ball pythons
  2 bats
  9 frilled lizards
  12 kobolds
  20 rats
255 creatures vanquished.

Notes
Turn   | Place    | Note
-------+----------+-------------------------------------------
     0 | D:5      | KamiKatze the Ogre Delver began the quest for the Orb.
     0 | D:5      | Reached XP level 1. HP: 24/24 MP: 1/1
    23 | D:5      | Noticed a scorpion
    60 | D:5      | Noticed an iguana
    83 | D:4      | Noticed a wight
    83 | D:4      | Noticed a wight
   323 | D:2      | Found a faded altar of an unknown god.
   385 | D:2      | Reached XP level 2. HP: 32/32 MP: 2/2
   793 | D:1      | Reached XP level 3. HP: 39/40 MP: 3/3
  1920 | D:2      | Reached XP level 4. HP: 9/49 MP: 4/4
  2226 | D:3      | Found a shimmering altar of Xom.
  2587 | D:3      | Found a sparkling altar of Nemelex Xobeh.
  2621 | D:3      | Reached XP level 5. HP: 53/55 MP: 5/5
  2730 | D:4      | Noticed a phantom
  2743 | D:3      | Killed a phantom
  2744 | D:3      | Reached skill level 5 in Fighting
  2744 | D:3      | Reached skill level 1 in Evocations
  2788 | D:3      | Gained mutation: You passively map a small area around you.
                  | [potion of mutation]
  2790 | D:3      | HP: 1/53 [wight/+0 long sword (8)]
  3227 | D:4      | Noticed Sigmund
  3230 | D:4      | Killed Sigmund
  3231 | D:4      | Reached XP level 6. HP: 66/67 MP: 6/6
  3268 | D:4      | Noticed Blork the orc
  3333 | D:4      | Killed Blork the orc
  3334 | D:4      | Reached XP level 7. HP: 74/74 MP: 7/7
  3468 | D:4      | Noticed Ijyb
  3481 | D:4      | Killed Ijyb
  3482 | D:4      | Reached skill level 6 in Fighting
  3660 | D:4      | Found a bloodstained altar of Trog.
  3823 | D:4      | Identified the +3 leather armour "Koshrabb" {MP+9 Int+3}
  3872 | D:4      | Noticed Dowan
  3916 | D:5      | Reached skill level 5 in Maces & Flails
  3958 | D:5      | Found a snail-covered altar of Cheibriados.
  4256 | D:5      | Found a staircase to the Ecumenical Temple.
  4280 | D:5      | Reached XP level 8. HP: 61/84 MP: 8/8
  4369 | Temple   | Entered the Ecumenical Temple
  4407 | Temple   | Became a worshipper of Gozag Ym Sagoz the Greedy
  4531 | D:5      | Noticed Edmund
  4749 | D:5      | Identified a scroll of acquirement
  4749 | D:5      | Acquired a +4 eveningstar of pain
  4879 | D:5      | Killed Edmund
  4880 | D:5      | Reached skill level 1 in Necromancy
  5077 | D:5      | Reached skill level 7 in Fighting
  5125 | D:6      | Found a burning altar of Makhleb.
  5167 | D:6      | Found a shadowy altar of Dithmenos.
  5317 | D:6      | Found a white marble altar of Elyvilon.
  5681 | D:6      | Reached XP level 9. HP: 87/93 MP: 9/9
  6203 | D:7      | Found Ytif's Neck Hole.
  6411 | D:7      | Reached skill level 5 in Dodging
  6459 | D:7      | Reached skill level 8 in Fighting
  6842 | D:8      | Noticed Maggie
  6850 | D:8      | Killed Maggie
  6996 | D:8      | Noticed an elephant
  6996 | D:8      | Found a staircase to the Lair.
  7029 | D:7      | Killed an elephant
  7030 | D:7      | Reached skill level 1 in Throwing
  7030 | D:7      | Reached skill level 5 in Necromancy
  7330 | D:7      | Reached XP level 10. HP: 25/85 MP: 10/10
  7670 | D:7      | Reached skill level 9 in Fighting
  7870 | D:8      | Noticed Maurice
  7877 | D:8      | Killed Maurice
  8820 | D:9      | Noticed a white ugly thing
  8827 | D:9      | Killed a white ugly thing
  9188 | D:9      | Identified the +1 ring mail "Pyriqih" {rElec Str+3}
  9454 | D:10     | Entered Level 10 of the Dungeon
  9478 | D:10     | Noticed a two-headed ogre
  9484 | D:10     | Killed a two-headed ogre
  9485 | D:10     | Reached XP level 11. HP: 54/117 MP: 11/11
  9669 | D:10     | Reached skill level 10 in Fighting
  9694 | D:10     | Paralysed by a floating eye for 4 turns
  9790 | D:10     | Noticed an orc sorcerer
  9808 | D:10     | Killed an orc sorcerer
 10212 | Lair:1   | Entered Level 1 of the Lair of Beasts
 10666 | Lair:1   | Reached skill level 10 in Maces & Flails
 10875 | Lair:1   | Reached skill level 5 in Throwing
 11793 | Lair:2   | Found a runed translucent door.
 11793 | Lair:2   | Found a shimmering altar of Xom.
 11793 | Lair:2   | Noticed ripuliukko's ghost (journeyman DEEE)
 11793 | Lair:2   | Noticed a +2 long sword of chaos
 11837 | Lair:1   | Reached skill level 11 in Fighting
 11837 | Lair:1   | Reached XP level 12. HP: 87/130 MP: 12/12
 12067 | Lair:2   | Found a staircase to the Swamp.
 12071 | Lair:2   | Slain by a bog body

Illustrated notes

Levels and vault maps discovered:
D:1:      lightli_arrival_quake, layout_loops_ring
D:2:      layout_basic, hellmonk_ecumenical_altar_zigzags
D:3:      layout_loops_ring, tgw_xom, mainiacjoe_overflow_boulevard,
          minmay_rat_hole
D:4:      minmay_angry_zag, layout_rooms, kennysheep_little_box,
          uniq_blork_the_orc, uniq_ijyb, uniq_duvessa, uniq_sigmund
D:5:      layout_gridville, mainiacjoe_overflow_surrounded_room,
          minmay_temple_entry_wispy, chequers_arboretum, uniq_edmund
D:6:      layout_cave_pools, elyvilon_altar_1,
          mainiacjoe_overflow_catch_the_wave
D:7:      layout_gridville, nicolae_shop_sticking_my_neck_out
D:8:      layout_loops_cross, david_lair_generic,
          chequers_serial_rivers_large_a, uniq_maurice, uniq_maggie
D:9:      layout_basic, disabler_island
D:10:     hellmonk_paralyzer, layout_loops_cross
Temple:   minmay_freezing_vapour_temple
Lair:1:   layout_cave_pods, minivault_25, beast_lair_carwin_11
Lair:2:   wad_woods_minihive, layout_regular_city, skrybe_swamp_entry_bodies,
          nicolae_snake_entry_squirm, ebering_ghost_xom

Skill      XL: |  1  2  3  4  5  6  7  8  9 10 11 |
---------------+----------------------------------+-----
Maces & Flails | 2 3 4 5 6 7 9 10 | 10.4
Dodging        | 2 3 4 5 6 7 |  7.5
Stealth        | 4 |  4.0
Fighting       | 5 6 7 8 9 11 | 11.0
Evocations     | 1 2 3 4 |  4.0
Necromancy     | 3 5 6 |  6.7
Throwing       | 1 3 5 |  5.4

Action                     |  1- 3 |  4- 6 |  7- 9 | 10-12 || total
---------------------------+-------+-------+-------+-------++-------
  Melee: Mace              |   121 |   115 |   112 |       ||   348
         Punch             |     1 |       |       |       ||     1
         Eveningstar       |       |       |   137 |   224 ||   361
  Throw: Dart              |       |       |     6 |       ||     6
  Evoke: Wand              |       |     5 |     1 |     9 ||    15
    Use: Potion            |     2 |     3 |     3 |     2 ||    10
         Scroll            |       |     5 |    10 |     6 ||    21
   Stab: Sleeping          |     9 |     2 |     1 |       ||    12
         Distracted        |       |       |     2 |       ||     2
 Armour: Robe              |    26 |    34 |    75 |       ||   135
         Swamp dragon scal |       |       |    10 |    92 ||   102
  Dodge: Dodged            |    63 |    67 |   136 |   163 ||   429
  Block: Orb               |       |    29 |    73 |    77 ||   179
         Other             |       |     3 |       |       ||     3
         Reflection        |       |     2 |     2 |     6 ||    10
